 Dungeon Crawl Stone Soup version 0.21.0 (webtiles) character file.

51 Hekarica the Magician (level 3, 0/24 HPs)
             Began as a Mummy Fire Elementalist on May 24, 2018.
             Slain by an orc
             ... wielding a +0 club
              (5 damage)
             ... on level 3 of the Dungeon.
             The game lasted 00:07:27 (1759 turns).

Hekarica the Magician (Mummy Fire Elementalist)     Turns: 1759, Time: 00:07:28

Health: 0/24       AC:  3    Str: 11    XL:     3   Next: 58%
Magic:  1/7        EV: 12    Int: 15    God:
Gold:   141        SH:  0    Dex: 12    Spells: 7/8 levels left

rFire    x . .     SeeInvis +   i - +1 dagger (venom)
rCold    + . .     Gourm    .   (no shield)
rNeg     + + +     Faith    .   l - +0 leather armour
rPois    ∞         Spirit   .   (no helmet)
rElec    .         Reflect  .   (no cloak)
rCorr    .         Harm     .   (no gloves)
MR       .....                  (no boots)
Stlth    ++........             (no amulet)
HPRegen  0.08/turn              c - ring of wizardry
MPRegen  0.10/turn              g - ring of see invisible

@: no status effects
A: no food or potions, fire vulnerability, cold resistance 1, negative energy
resistance 3, torment resistance, unbreathing
a: no special abilities


You were on level 3 of the Dungeon.
You were not hungry.

You visited 1 branch of the dungeon, and saw 3 of its levels.

You collected 141 gold pieces.

Inventory:

Hand Weapons
 a - a +0 dagger
 i - a +1 dagger of venom (weapon)
 k - a +1 short sword of speed
Missiles
 j - 5 tomahawks (quivered)
Armour
 e - a +2 scale mail of cold resistance
 l - a +0 leather armour (worn)
Jewellery
 c - a ring of wizardry (left hand)
 g - a ring of see invisible (right hand)
Wands
 d - a wand of paralysis (14)
Scrolls
 f - a scroll of remove curse
Books
 b - a book of Flames

   Spells                             Type                      Level
   a - Flame Tongue                   Conjuration/Fire             1
   b - Throw Flame                    Conjuration/Fire             2
   c - Conjure Flame                  Conjuration/Fire             3
   d - Inner Flame                    Hexes/Fire                   3
   e - Sticky Flame                   Conjuration/Fire             4
   f - Fireball                       Conjuration/Fire             5


   Skills:
 * Level 0.1 Short Blades
 * Level 2.1 Dodging
 * Level 2.1 Stealth
 + Level 3.0 Spellcasting
 * Level 1.4 Conjurations
 - Level 2.7 Fire Magic


You had 7 spell levels left.
You knew the following spells:

 Your Spells              Type           Power        Failure   Level  Hunger
a - Flame Tongue          Conj/Fire      #....        4%          1    N/A

Dungeon Overview and Level Annotations

Branches:
Dungeon (3/15)

Altars:
Nemelex Xobeh


Innate Abilities, Weirdness & Mutations

You do not eat or drink.
Your flesh is vulnerable to fire.
You are immune to poison.
Your flesh is cold resistant. (rC+)
You are immune to negative energy. (rN+++)
You are immune to unholy pain and torment.
You can survive without breathing.


Message History

The flame tongue hits the worm.
The worm appears unharmed.
The worm is heavily wounded.
Casting: Flame Tongue
Confirm with . or Enter, or press ? or * to list all spells.
Aiming: Flame Tongue
Press: ? - help, Shift-Dir - straight line, f/p - worm
Aim: a worm (heavily wounded)
The flame tongue hits the worm.
The worm is almost dead.
The worm bites you!
* * * LOW HITPOINT WARNING * * *
You hit the worm.
You kill the worm!
Found 3 javelins.
You see here a worm corpse.
Found a scroll labeled GYGEFODODA.
A gnoll comes into view. It is wielding a halberd.
The gnoll shouts!
You closely miss the orc. The orc hits you with a club.
You die...

.# .# #.# #.#.#
#.##....#
##.#.....#
##...(.....
.......... .##.
####?........
....#
#..@o.......#
.....#
#.###.##...#
......##.###.# #
..........##o#
..≈.≈.≈....†.#
≈≈≈.≈$≈..o####
≈≈≈≈≈.g..##
≈≈≈≈≈....######.#
≈≈≈≈≈g≈...<..)..#


You could see an orc.

Vanquished Creatures
  An adder (D:2)
  A worm (D:3)
  A dart slug (D:1)
  2 leopard geckos
  7 bats
  A giant cockroach (D:1)
  3 goblins
  5 hobgoblins
  A ball python (D:1)
  8 frilled lizards
  4 kobolds
  3 rats
37 creatures vanquished.

Notes
Turn   | Place    | Note
-------+----------+-------------------------------------------
     0 | D:1      | Hekarica the Mummy Fire Elementalist began the quest for the Orb.
     0 | D:1      | Reached XP level 1. HP: 13/13 MP: 4/4
    95 | D:1      | Reached skill level 1 in Conjurations
   101 | D:1      | Reached XP level 2. HP: 13/19 MP: 0/5
  1123 | D:2      | Reached skill level 3 in Spellcasting
  1123 | D:2      | Reached XP level 3. HP: 21/24 MP: 2/7
  1304 | D:2      | Found a sparkling altar of Nemelex Xobeh.
  1728 | D:3      | Found a faded altar of an unknown god.
  1759 | D:3      | Slain by an orc

Skill      XL: |  1  2 |
---------------+-------+-----
Conjurations   | 1 |  1.4
Dodging        | 2 |  2.1
Stealth        | 2 |  2.1
Spellcasting   | 3 |  3.0
Short Blades   | |  0.1
Fire Magic     | |  2.7

Action                   || total
-------------------------++-------
Melee: Unarmed           ||     2
       Dagger            ||    44
       Club              ||     1
 Cast: Flame Tongue      ||    59
  Use: Scroll            ||     2
Armor: Robe              ||     9
Dodge: Dodged            ||    43
